Map: Lock & Load

Players

Xaeric

  • Race: Zerg Zerg

wooooooooooo

  • Race: Zerg Zerg
  • Spawn Location: 6:00

VOD

Have the link to the VOD?

Description

Time

  • Played on: Aug. 24, 2025, 11:46 p.m.
  • Length: 17:23
Show
View Real Time Build Order
Export as new Build Order

Xaeric Zerg 

Build Orders:  

Get SALT Encoding   

  12  0:03  Drone  
  13  0:11  Drone  
  14  0:21  Overlord  
  14  0:28  Extractor  
  13  0:31  Extractor  
  13  0:33  Drone  
  13  0:37  Drone  
  14  0:49  Drone x2  
  16  0:53  Drone  
  17  1:05  Drone x2  
  19  1:32  Spawning Tool  
  18  2:08  Zergling x2  
  18  2:09  Zergling x4  
  19  2:13  Overlord  
  19  2:15  Drone  
  22  2:45  Drone x3  
  22  2:46  Drone  
  26  2:59  Infestation Pit  
  25  3:06  Overlord  
  25  3:07  Drone  
  26  3:16  Drone  
  27  3:42  Hatchery  
  26  3:53  Drone x3  
  29  4:29  Drone  
  30  4:30  Drone x5  
  35  4:59  Drone x7  
  42  5:00  Zergling  
  42  5:01  Zergling  
  42  5:03  Extractor  
  42  5:04  Extractor  
  42  5:07  Zergling  
  38  5:36  Zergling x2  
  38  5:37  Zergling x8  
  43  5:40  Overlord  
  43  5:41  Overlord x3  
  43  6:08  Zergling x2  
  43  6:09  Zergling x10  
  44  6:12  Hardened Ergonergy Shield  
  44  6:13  Metabolic Boost  
  49  6:38  Zergling x2  
  49  6:39  Zergling x12  
  50  6:48  Hydralisk Den  
  55  6:54  Evolution Chamber  
  55  6:56  Evolution Chamber  
  53  7:00  Drone x4  
  53  7:09  Drone x2  
  59  7:12  Adrenal Glands  
  59  7:41  Drone x3  
  59  7:44  Drone x3  
  65  7:50  Drone x2  
  65  7:51  Drone x2  
  69  8:07  Super Gary  
  69  8:22  Muscular Augments, Erudition Missile Launchers  
  69  8:23  Zerg Melee Weapons Level 1  
  69  8:24  Zerg Ground Armor Level 1, Ultralisk Cavern  
  69  8:25  Zerg Missile Weapons Level 1  
  63  9:41  Zergling  
  63  9:42  Zergling x2  
  63  9:43  Zergling x4  
  63  9:44  Zergling x2  
  63  9:46  Zergling  
  63  9:51  Zergling  
  63  9:55  Zergling  
  63  9:56  Hydralisk  
  63  9:57  Hydralisk x5  
  75  10:00  Overlord x4  
  75  10:01  Overlord x2  
  70  10:33  Zergling x2  
  70  10:34  Zergling x14  
  78  11:02  Hydralisk  
  78  11:04  Zergling  
  78  11:05  Zergling  
  78  11:06  Zergling x2  
  78  11:08  Zergling x2  
  78  11:10  Zergling  
  78  11:17  Zergling x2  
  78  11:20  Zergling  
  58  11:57  Hydralisk  
  58  11:58  Hydralisk x10  
  58  11:59  Hydralisk  
  75  12:40  Hydralisk  
  75  12:47  Hydralisk  
  75  12:52  Zergling x8  
  75  12:53  Zergling x16  
  87  13:08  Zergling  
  75  13:30  Zergling x10  
  75  13:31  Zergling x6  
  81  14:11  Hydralisk  
  81  14:18  Zergling  
  81  14:19  Zergling x9  
  87  14:20  Zergling x4  
  81  14:32  Hydralisk  
  81  14:33  Hydralisk x11  
  105  14:49  Zergling x2  
  90  14:50  Zergling x2  
  97  14:54  Ultralisk  
  97  14:55  Ultralisk  
  111  15:05  Chitanium Plating, Electrostatic Surprise  
  111  15:12  Zergling x4  
  111  15:13  Zergling x4  
  115  15:28  Drone x3  
Show
View Real Time Build Order
Export as new Build Order

wooooooooooo Zerg 

Build Orders:  

Get SALT Encoding   

  6  0:10  Drone x2  
  6  0:19  Drone x2  
  8  0:27  Drone x2  
  9  0:35  Drone x2  
  10  0:45  Drone x2  
  11  0:54  Drone x2  
  12  1:02  Drone x2  
  13  1:15  Drone x2  
  14  1:31  Spawning Pool  
  14  1:38  Extractor  
  13  1:42  Extractor  
  13  1:44  Evolution Chamber  
  13  1:46  Evolution Chamber  
  11  1:57  Overlord  
  11  2:04  Queen  
  12  2:22  Drone x2  
  12  2:23  Drone x2  
  14  2:42  Drone x2  
  14  2:46  Overlord  
  14  2:49  Swarmling x4  
  19  2:50  Swarmling x8  
  21  3:08  Metabolic Boost  
  21  3:33  Overlord  
  21  3:39  Lair  
  21  4:16  Hatchery  
  21  4:33  Zerg Ground Armor Level 1  
  21  4:43  Drone x2  
  21  4:45  Drone x2  
  21  4:46  Scourge Nest  
  21  4:48  Swarmling x8  
  21  4:49  Swarmling x12  
  36  4:50  Swarmling x8  
  36  5:08  Baneling Nest  
  23  5:20  Swarmling x4  
  23  5:21  Swarmling x12  
  23  5:22  Swarmling x8  
  23  5:27  Queen  
  31  5:39  Swarmling x12  
  35  5:42  Unknown  
  35  5:54  Virulent Spores  
  35  6:04  Drone x6, Scourge x3  
  44  6:28  Centrifugal Hooks  
  44  6:40  Overlord  
  44  6:42  Overlord  
  44  6:53  Scourge  
  44  6:54  Scourge x3  
  44  7:04  Hive  
  44  7:05  Queen  
  51  7:14  Hardened Carapace  
  51  7:23  Scourge  
  51  7:24  Scourge  
  51  7:26  Swarmling x4  
  51  7:27  Swarmling x8  
  57  7:31  Extractor, Scourge  
  57  7:32  Extractor, Drone x4, Scourge  
  57  7:37  Overlord  
  54  7:52  Scourge x3  
  54  7:53  Scourge x4  
  54  7:54  Scourge x3  
  45  8:06  Scourge x3  
  42  8:23  Scourge  
  42  8:24  Scourge x3  
  42  8:25  Scourge x3  
  41  8:53  Scourge  
  41  8:54  Scourge x3  
  41  8:58  Drone x4  
  41  8:59  Drone x8  
  45  9:00  Drone x2  
  45  9:07  Scourge x9  
  55  9:23  Scourge  
  55  9:24  Unknown, Scourge x2  
  54  9:30  Scourge  
  54  9:32  Swarmling x4  
  54  9:33  Swarmling x12  
  54  9:34  Swarmling x12  
  54  9:35  Swarmling x4  
  68  9:46  Overlord  
  68  9:47  Overlord x3  
  68  9:48  Overlord x4  
  68  9:49  Overlord x2  
  67  9:53  Scourge  
  67  9:58  Simplified Genome  
  61  10:00  Scourge x3  
  73  10:23  Scourge  
  73  10:24  Scourge x3  
  81  10:36  Corrosive Acid  
  81  10:39  Unknown x2  
  83  10:40  Unknown x2  
  87  10:53  Unknown, Scourge  
  87  10:54  Scourge x3  
  87  10:58  Unknown  
  86  11:01  Overseer  
  86  11:03  Overlord x2  
  86  11:04  Overlord x4  
  86  11:05  Overlord x2  
  70  11:23  Scourge  
  70  11:24  Scourge x3  
  70  11:38  Swarmling x4  
  70  11:39  Swarmling x48  
  106  11:40  Swarmling x16  
  106  11:41  Swarmling x4  
  112  11:53  Scourge  
  112  11:54  Scourge x3  
  112  11:58  Zerg Ground Armor Level 2  
  112  12:06  Swarmling x4  
  112  12:07  Swarmling x12  
  110  12:23  Scourge  
  110  12:24  Scourge x3  
  110  12:28  Swarmling x24  
  110  12:29  Swarmling x20  
  88  12:36  Scourge x4  
  68  12:40  Zerg Flyer Weapons Level 1  
  63  12:50  Scourge x3  
  63  12:51  Swarmling x28  
  63  12:52  Swarmling x8  
  63  12:53  Scourge  
  63  12:54  Scourge x3  
  76  13:07  Swarmling x12  
  76  13:08  Swarmling x20  
  73  13:18  Overseer  
  73  13:19  Overseer  
  71  13:23  Scourge  
  71  13:24  Scourge x3  
  71  13:27  Swarmling x8  
  71  13:28  Swarmling x24  
  80  13:40  Rupture  
  77  13:53  Scourge  
  77  13:54  Scourge x6  
  77  14:10  Unknown  
  77  14:11  Unknown  
  81  14:23  Scourge  
  81  14:24  Scourge x3  
  79  14:32  Swarmling x4  
  79  14:33  Swarmling x56  
  79  14:34  Swarmling x16  
  89  14:53  Scourge  
  89  14:54  Scourge x3  
  89  15:03  Adrenal Overload  
  91  15:10  Swarmling x4  
  91  15:11  Swarmling x40  
  117  15:23  Scourge  
  117  15:24  Scourge x3  
  116  15:31  Unknown  
  116  15:35  Swarmling x4  
  116  15:36  Swarmling x28  
  116  15:37  Swarmling x4  
  118  15:53  Scourge  
  118  15:54  Scourge x3  
  134  16:23  Scourge  
  134  16:24  Scourge x3  
  134  16:27  Unknown  
  134  16:28  Unknown  
  134  16:29  Unknown x4  
  135  16:47  Swarmling x4  
  135  16:48  Swarmling x24  
  135  16:49  Swarmling x4  
  148  16:50  Scourge x2  
  148  16:53  Scourge  
  148  16:54  Scourge x3  
  131  17:02  Unknown  
Tags
 
Add a new tag
Caveats
  • Supply blocks, unpowered buildings, or Contaminate may cause inaccurate times.
  • Supply counts are checked every 10 seconds.